 Dungeon Crawl Stone Soup version 0.30-a0-696-g2367cd04db (webtiles) character file.

Game seed: 2808735510262270076

18 holysushi the Cutter (level 2, -1/16 HPs)
             Began as a Vine Stalker Monk on Jan 21, 2023.
             Slain by a gnoll
             ... wielding a +0 flail
              (4 damage)
             ... on level 1 of the Dungeon.
             The game lasted 00:00:38 (351 turns).

holysushi the Cutter (Vine Stalker Monk)             Turns: 351, Time: 00:00:39

Health: -1/16      AC:  2    Str: 13    XL:     2   Next: 70%
Magic:  0/5        EV: 12    Int: 10    God:
Gold:   65         SH:  0    Dex: 16    Spells: 3/3 levels left

rFire   . . .      SeeInvis .    a - +0 short sword
rCold   . . .      Faith    .    (no shield)
rNeg    . . .      Spirit   +    b - +0 robe
rPois   .          Reflect  .    (no helmet)
rElec   .          Harm     .    (no cloak)
rCorr   .          Rampage  .    (no gloves)
Will    .....                    (no boots)
Stlth   ++                       (no amulet)
HPRegen 0.22/turn                (no ring)
MPRegen 0.09/turn                (no ring)

@: no status effects
A: fangs 2, magic shield, antimagic bite, no potion heal 2
a: no special abilities


You were on level 1 of the Dungeon.
You visited 1 branch of the dungeon, and saw 1 of its levels.

You collected 65 gold pieces.

Inventory:

Hand Weapons
 a - a +0 short sword (weapon)
Armour
 b - a +0 robe (worn)
Jewellery
 d - a ring of ice
Scrolls
 e - a scroll of silence {unknown}
 h - a scroll of identify {unknown}
 j - a scroll of teleportation {unknown}
Potions
 c - a potion of ambrosia
 f - a potion of heal wounds {unknown}
 g - a potion of invisibility {unknown}
 i - a potion of cancellation {unknown}


   Skills:
 - Level 2.6 Fighting
 + Level 3.1 Short Blades
 - Level 2.4 Dodging
 - Level 2.4 Stealth
 + Level 1.4 Spellcasting


You had 3 spell levels left.
You didn't know any spells.
Your spell library contained the following spells:

 Spells                   Type           Power      Damage    Failure   Level
 Hailstorm                Conj/Ice       0%         3d3       69%         3
 Ice Form                 Ice/Tmut       0%         N/A       97%         4
 Simulacrum               Ice/Necr       0%         N/A       100%        6


Dungeon Overview and Level Annotations

Branches:
Dungeon (1/15) Zot: 5655

Altars:


Innate Abilities, Weirdness & Mutations

You have extremely sharp teeth.
When hurt, damage is shared between your health and your magic reserves.
Your bite disrupts and absorbs the magic of your enemies.
Potions cannot restore your health.


Message History

No target in view!
You now have 65 gold pieces (gained 13).
You see here a +0 leather armour.
A kobold comes into view. It is wielding a +0 club.
A kobold is nearby!
A kobold is nearby!
A kobold is nearby!
A kobold is nearby!
Found a scroll labelled ETISASKA NEMP.
A gnoll comes into view. It is wielding a +0 flail.
Found a stone staircase leading down.
The gnoll shouts!
There are monsters nearby!
The gnoll misses you. The kobold barely misses you.
There are monsters nearby!
You hit the gnoll but do no damage. The gnoll barely misses you.
The kobold misses you.
You barely miss the gnoll. You hit the gnoll but do no damage.
You bite the gnoll. You drain its power.
The gnoll is lightly wounded.
The gnoll hits you with a +0 flail! The kobold hits you with a +0 club.
You hit the gnoll but do no damage. You bite the gnoll. You drain its power.
You feel invigorated.
The gnoll is moderately wounded.
The gnoll closely misses you. The kobold hits you with a +0 club.
You are too injured to fight recklessly!
You are too injured to fight recklessly!
You hit the gnoll but do no damage. You bite the gnoll, but do no damage.
The gnoll is moderately wounded.
The gnoll hits you with a +0 flail!
* * * LOW HITPOINT WARNING * * *
The kobold hits you with a +0 club.
You are too injured to fight recklessly!
You closely miss the gnoll. Your bite misses the gnoll.
The gnoll is moderately wounded.
The gnoll barely misses you. The kobold barely misses you.
You hit the gnoll. You bite the gnoll, but do no damage.
The gnoll is heavily wounded.
The gnoll hits you with a +0 flail.
You die...

.# #....# .......
.###....# #...?.....#
..##....# #.........#
#..#....######.........#
##..................>..#
####..[.###.............
..........#.............
..........#......K......
..........#.....@g......
..........##########.#.#
###########


You could see a gnoll and a kobold.

Vanquished Creatures
  3 endoplasms (D:1)
  3 hobgoblins (D:1)
  2 jackals (D:1)
  4 bats (D:1)
  A kobold (D:1)
  4 rats (D:1)
17 creatures vanquished.

Notes
Turn   | Place    | Note
-------+----------+-------------------------------------------
     0 | D:1      | holysushi the Vine Stalker Monk began the quest for the
                  | Orb.
     0 | D:1      | Reached XP level 1. HP: 11/11 MP: 2/2
    63 | D:1      | Reached skill level 3 in Short Blades
    63 | D:1      | Reached skill level 1 in Spellcasting
    63 | D:1      | Reached XP level 2. HP: 5/16 MP: 2/4
   351 | D:1      | Slain by a gnoll

Illustrated notes

Levels and vault maps discovered:
D:1:      dreamdust_arrival_sigmund_warning, layout_basic

Skill      XL: |  1 |
---------------+----+-----
Short Blades   | 3 |  3.1
Spellcasting   | 1 |  1.4
Fighting       | |  2.6
Dodging        | |  2.4
Stealth        | |  2.4

Action                   || total
-------------------------++-------
Melee: Short sword       ||    46
       Bite              ||    12
 Stab: Sleeping          ||     2
Armor: Robe              ||    14
Dodge: Dodged            ||    43

Table legend: (Time is in decaauts)
 A = Elapsed time spent in this place.
 B = Non-inter-level travel time spent in this place.
 C = Inter-level travel time spent in this place.
 D = Time resting spent in this place.
 E = Time spent auto-exploring this place.
 F = Levels seen in this place.
 G = Mean time per level.
                   A        B        C        D        E       F      G
               +--------+--------+--------+--------+--------+-----+--------+
         Total |    343 |    343 |      0 |     11 |    218 |   1 |  343.0 |
       Dungeon |    343 |    343 |      0 |     11 |    218 |   1 |  343.0 |
               +--------+--------+--------+--------+--------+-----+--------+

Top non-repeatable levels by time:
     D:1: 343 daAuts
